 Dungeon Crawl Stone Soup version 0.27.0-1-g7a089689b8 (webtiles) character file.

Game seed: 7658499610045452835

123 torgrim the Shield-Bearer (level 4, 0/41 HPs)
             Began as a Minotaur Fighter on Aug 8, 2021.
             Slain by a gnoll (5 damage)
             ... on level 3 of the Dungeon.
             The game lasted 00:05:51 (2215 turns).

torgrim the Shield-Bearer (Minotaur Fighter)        Turns: 2215, Time: 00:05:51

Health: 0/41       AC:  9    Str: 21    XL:     4   Next: 80%
Magic:  3/3        EV:  6    Int:  5    God:
Gold:   173        SH: 10    Dex: 16    Spells: 3/3 levels left

rFire    . . .     SeeInvis .   a - +1 trident
rCold    . . .     Faith    .   c - +0 kite shield
rNeg     . . .     Spirit   .   e - +0 chain mail
rPois    .         Reflect  .   (helmet restricted)
rElec    .         Harm     .   (no cloak)
rCorr    .         Rampage  .   (no gloves)
Will     .....                  (no boots)
Stlth    ..........             (no amulet)
HPRegen  0.13/turn              o - +6 ring of dexterity
MPRegen  0.08/turn              (no ring)

@: mighty
A: horns 2, retaliatory headbutt
a: no special abilities


You were on level 3 of the Dungeon.
You visited 1 branch of the dungeon, and saw 3 of its levels.

You collected 173 gold pieces.

Inventory:

Hand Weapons
 a - a +1 trident (weapon)
Missiles
 f - 47 bolts
Armour
 b - a +0 scale mail
 c - a +0 kite shield (worn)
 e - a +0 chain mail (worn)
 g - a +0 robe
Jewellery
 o - a +6 ring of dexterity (left hand)
Scrolls
 j - a scroll of magic mapping {unknown}
 k - 3 scrolls of identify {unknown}
 l - 2 scrolls of teleportation {unknown}
 n - a scroll of amnesia {unknown}
Potions
 h - a potion of lignification {unknown}
 i - 2 potions of curing {unknown}
 m - a potion of resistance {unknown}
 p - a potion of flight {unknown}


   Skills:
 + Level 4.4 Fighting
 + Level 3.8 Polearms
 + Level 4.3 Armour
 + Level 0.7 Dodging
 + Level 4.6 Shields


You had 3 spell levels left.
You didn't know any spells.
Your spell library was empty.

Dungeon Overview and Level Annotations

Branches:
Dungeon (3/15)

Altars:


Innate Abilities, Weirdness & Mutations

You have a pair of horns on your head.
You reflexively headbutt those who attack you in melee.


Message History

You kill the gnoll!
The gnoll completely misses you. The gnoll hits you with a +0 club.
You barely miss the gnoll.
The gnoll hits you from afar with a +0 spear.
The gnoll barely misses you.
You hit the gnoll.
You headbutt the gnoll, but do no damage.
The gnoll is lightly wounded.
The gnoll hits you but does no damage. You block the gnoll's attack.
The gnoll hits you with a +0 flail.
You hit the gnoll.
The gnoll is heavily wounded.
The gnoll hits you but does no damage. The gnoll barely misses you. x2
You puncture the gnoll!
You kill the gnoll!
The gnoll hits you but does no damage.
You barely miss the gnoll. You headbutt the gnoll.
The gnoll is moderately wounded.
The gnoll hits you from afar with a +0 halberd.
The gnoll hits you with a +0 flail. You block the gnoll's attack. x2
You closely miss the gnoll. You headbutt the gnoll.
The gnoll is heavily wounded.
The gnoll hits you with a +0 flail. The gnoll hits you but does no damage.
The gnoll closely misses you. You block the gnoll's attack.
You puncture the gnoll!
You kill the gnoll!
The gnoll barely misses you. The gnoll hits you but does no damage.
You barely miss the gnoll. Your headbutt misses the gnoll.
The gnoll barely misses you. You furiously retaliate!
You headbutt the gnoll! You block the gnoll's attack. x2
The gnoll hits you from afar with a +0 spear.
The gnoll hits you with a +0 whip.
The gnoll hits you from afar with a +0 halberd!
* * * LOW HITPOINT WARNING * * *
You feel very mighty all of a sudden. The gnoll hits you with a +0 flail!
* * * LOW HITPOINT WARNING * * *
You block the gnoll's attack. x2; The gnoll completely misses you.
The gnoll hits you with a +0 flail.
You die...

. #8... .>..##.#
g.##...## .##.##.#
.g......# #.##.#
........# #.##..
.......g# #.###.
......gg# #..#..
#######g## ##.. #.#..
#.g## #..#.# #....
#@..###.##.# ##..#
#.#.....##.###....
#..###...........#
##.##......####.##
#.#....##..###.##
###......###.......
#.....##.........##
###.#..##########..##
#...#.## #...#


You could see 5 gnolls.

Vanquished Creatures
  3 gnolls (D:3)
  3 adders (D:2)
  2 worms
  3 dart slugs
  8 endoplasms
  2 giant cockroaches
  4 goblins
  6 hobgoblins
  5 jackals
  3 kobolds
  2 ball pythons
  3 bats (D:2)
  3 frilled lizards
  8 rats
55 creatures vanquished.

Vanquished Creatures (others)
  2 fungi (D:2)
  3 plants
5 creatures vanquished.

Grand Total: 60 creatures vanquished

Notes
Turn   | Place    | Note
-------+----------+-------------------------------------------
     0 | D:1      | torgrim the Minotaur Fighter began the quest for the Orb.
     0 | D:1      | Reached XP level 1. HP: 19/19 MP: 0/0
   386 | D:1      | Reached XP level 2. HP: 25/27 MP: 1/1
   965 | D:2      | Reached XP level 3. HP: 33/33 MP: 2/2
   979 | D:2      | Found a faded altar of an unknown god.
  1504 | D:2      | Reached XP level 4. HP: 40/40 MP: 3/3
  2215 | D:3      | Slain by a gnoll

Illustrated notes

Levels and vault maps discovered:
D:1:      eino_arrival_water_cross, layout_basic
D:2:      minmay_spotlight, layout_basic, shapermc_ecumenical_altar_acropolis
D:3:      layout_rooms, serial_corexii_hall, corexii_hall_statues_x,
          corexii_hall_statues_i

Skill      XL: |  1  2 |
---------------+-------+-----
Shields        | 4 |  4.6
Fighting       | 4 |  4.4
Armour         | 4 |  4.3
Polearms       | 3 |  3.8
Dodging        | |  0.7

Action                   |  1- 3 |  4- 6 || total
-------------------------+-------+-------++-------
Melee: Trident           |    97 |    43 ||   140
       Headbutt          |    17 |    10 ||    27
  Use: Scroll            |     1 |       ||     1
       Potion            |       |     1 ||     1
Armor: Chain mail        |    32 |    12 ||    44
Dodge: Dodged            |    17 |    10 ||    27
Block: Kite shield       |    33 |    23 ||    56
